 Dungeon Crawl Stone Soup version 0.28-a0-724-g66f9036eb4 (webtiles) character file.

Game seed: 477069254226638155

0 meatgazer the Skirmisher (level 1, -18/18 HPs)
             Began as a Demonspawn Abyssal Knight on Oct 26, 2021.
             Was a Follower of Lugonu.
             Blown up by an eye of devastation (21 damage)
             ... with a bolt of energy
             ... on level 4 of the Abyss.
             The game lasted 00:00:39 (111 turns).

meatgazer the Skirmisher (Demonspawn Abyssal Knight) Turns: 111, Time: 00:00:39

Health: -18/18     AC:  3    Str: 13    XL:     1   Next: 0%
Magic:  2/2        EV: 11    Int: 11    God:    Lugonu [*.....]
Gold:   98         SH:  0    Dex: 13    Spells: 0/0 levels left

rFire   . . .      SeeInvis .   a - +1 spear
rCold   . . .      Faith    .   (no shield)
rNeg    . . .      Spirit   .   b - +0 leather armour
rPois   .          Reflect  .   (no helmet)
rElec   .          Harm     .   (no cloak)
rCorr   .          Rampage  .   (no gloves)
Will    .....                   (no boots)
Stlth   +.........              (no amulet)
HPRegen 0.06/turn               (no ring)
MPRegen 0.08/turn               (no ring)

@: confused
A: no striking features
a: Renounce Religion, Depart the Abyss


You were on level 4 of the Abyss.
You worshipped Lugonu.
Lugonu was aware of your devotion.
You visited 0 branches of the dungeon, and saw 0 of its levels.
You visited the Abyss 1 time.

You collected 98 gold pieces.

Inventory:

Hand Weapons
 a - a +1 spear (weapon)
Armour
 b - a +0 leather armour (worn)
Wands
 d - a wand of flame (20)
Scrolls
 c - a scroll of identify {unknown}


   Skills:
 + Level 3.0 Fighting
 + Level 1.7 Polearms
 + Level 1.7 Armour
 + Level 0.8 Dodging
 + Level 2.4 Invocations


You couldn't memorise any spells.
You didn't know any spells.
Your spell library contained the following spells:

 Spells                   Type           Power      Damage    Failure   Level
 Sublimation of Blood     Necr           0%         N/A       56%         2
 Petrify                  Tmut/Erth      0%         N/A       99%         4
 Irradiate                Conj/Tmut      0%         3d14      100%        5


Dungeon Overview and Level Annotations

Branches:
Dungeon (0/15)

Altars:


Message History

The golden eye turns its gaze towards you.
The golden eye blinks at you.
You are more confused.
You hit the eye of devastation but do no damage.
The eye of devastation is lightly wounded.
The golden eye blinks at you. You resist with some effort.
You bump into the metal wall.
The eye of devastation gazes at you. The bolt of energy hits you!
Ouch! That really hurt!
* * * LOW HITPOINT WARNING * * *
The golden eye blinks at you.
You are more confused.
You bump into the stone wall.
The golden eye blinks!
The golden eye turns its gaze towards you.
You bump into the metal wall.
The golden eye blinks at you.
You are more confused.
The golden eye blinks at you.
You are more confused.
The golden eye blinks at you.
You are more confused.
You bump into the stone wall.
The golden eye turns its gaze towards you.
The golden eye blinks!
The golden eye turns its gaze towards you.
The golden eye blinks at you.
You are more confused.
You bump into the rock wall.
The golden eye blinks at you.
You easily resist.
The golden eye blinks at you.
You are more confused.
The golden eye blinks at you.
You are more confused.
The eye of devastation gazes at you. The bolt of energy hits you!!
Ouch! That really hurt!
You die...

.... . . .
###.##...# ≈ ..
. .
...#..#..#..#.#
≈≈≈ ..#... ..
###..#. ...≈≈≈
.. .
##...#..###. ≈
.##.#.#....# #≈
≈ #..#.#G#### ≈≈
#§..#..# .#
##.G..#..#.#
....#.@......#
.........##....≈
.##..####.. ..#≈
#.## (#....≈ # .
.. #.#≈ #.. .
##. .#


You could see an eye of devastation and a golden eye.

Vanquished Creatures (others)
  A golden eye (Abyss:4)
1 creature vanquished.

Notes
Turn   | Place    | Note
-------+----------+-------------------------------------------
     0 | Abyss:1  | meatgazer the Demonspawn Abyssal Knight began the quest for
                  | the Orb.
     0 | Abyss:1  | Reached XP level 1. HP: 18/18 MP: 2/2
    24 | Abyss:3  | Found a corrupted altar of Lugonu.
    91 | Abyss:4  | Noticed a golden eye
    91 | Abyss:4  | Noticed a golden eye
    94 | Abyss:4  | Killed a golden eye
    94 | Abyss:4  | Noticed an efreet
    96 | Abyss:4  | Noticed an eye of devastation
   111 | Abyss:4  | Blown up by an eye of devastation

Illustrated notes

Levels and vault maps discovered:
Abyss:4:  base: Temple, doesnt_abyss_rune_brain_food, evilmike_abyss_exit_10,
          hangedman_decor_lopped

Action                   || total
-------------------------++-------
Melee: Spear             ||     5
 Stab: Distracted        ||     1

Table legend: (Time is in decaauts)
 A = Elapsed time spent in this place.
 B = Non-inter-level travel time spent in this place.
 C = Inter-level travel time spent in this place.
 D = Time resting spent in this place.
 E = Time spent auto-exploring this place.
 F = Levels seen in this place.
 G = Mean time per level.
                   A        B        C        D        E       F      G
               +--------+--------+--------+--------+--------+-----+--------+
         Total |    110 |    110 |      0 |      0 |     48 |   4 |   27.5 |
         Abyss |    110 |    110 |      0 |      0 |     48 |   4 |   27.5 |
               +--------+--------+--------+--------+--------+-----+--------+

Top non-repeatable levels by time:
 Abyss:4: 58 daAuts
 Abyss:3: 31 daAuts
 Abyss:2: 16 daAuts
 Abyss:1: 4 daAuts
